 Dungeon Crawl Stone Soup version 0.30-a0-728-gc68057be0a (webtiles) character file.

Game seed: 10794646419830825584

143 bpung the Covered (level 5, -4/33 HPs)
             Began as a Gargoyle Fighter on Jan 31, 2023.
             Killed by divine providence
             ... invoked by an orc priest
              (13 damage)
             ... on level 3 of the Dungeon.
             The game lasted 00:03:32 (2204 turns).

bpung the Covered (Gargoyle Fighter)                Turns: 2204, Time: 00:03:33

Health: -4/33      AC: 12    Str: 21    XL:     5   Next: 25%
Magic:  5/5        EV:  9    Int:  9    God:
Gold:   105        SH:  9    Dex:  9    Spells: 4/4 levels left

rFire   . . .      SeeInvis .    a - +5 flail (drain)
rCold   . . .      Faith    .    c - +0 buckler
rNeg    + + .      Spirit   .    b - +0 scale mail
rPois   ∞          Reflect  +    (no helmet)
rElec   +          Harm     .    (no cloak)
rCorr   .          Rampage  .    h - +0 pair of gloves
Will    .....                    (no boots) Stlth
                                 j - amulet of reflection
HPRegen 0.25/turn                r - ring of positive energy
MPRegen 0.09/turn                (no ring)

@: no status effects
A: sickness immunity, AC +4, negative energy resistance 1, electricity
resistance, torment resistance 1, petrification resistance
a: no special abilities


You were on level 3 of the Dungeon.
You visited 1 branch of the dungeon, and saw 3 of its levels.

You collected 105 gold pieces.

Inventory:

Hand Weapons
 a - a +5 flail of draining (weapon)
 p - a +1 flail
Missiles
 i - a throwing net (quivered)
 k - 4 boomerangs
Armour
 b - a +0 scale mail (worn)
 c - a +0 buckler (worn)
 h - a +0 pair of gloves (worn)
Jewellery
 j - an amulet of reflection (around neck)
 r - a ring of positive energy (left hand)
Scrolls
 f - 2 scrolls of teleportation
 l - 3 scrolls of identify
 m - a scroll of blinking {unknown}
 q - a scroll of magic mapping
Potions
 d - 2 potions of might
 e - a potion of cancellation {unknown}
 g - a potion of curing
 n - 2 potions of invisibility {unknown}
 o - a potion of mutation {unknown}
 s - a potion of attraction {unknown}


   Skills:
 + Level 4.2 Fighting
 + Level 3.1 Maces & Flails
 + Level 4.2 Armour
 + Level 4.2 Shields


You had 4 spell levels left.
You didn't know any spells.
Your spell library was empty.

Dungeon Overview and Level Annotations

Branches:
Dungeon (3/15)

Altars:


Innate Abilities, Weirdness & Mutations

You are immune to sickness and miasma.
Your stone body is resilient. (AC +4)
You are immune to poison.
You resist negative energy. (rN+)
You are resistant to electric shocks. (rElec)
You are resistant to unholy torment.
You are immune to petrification.


Message History

You sock the orc!
You kill the orc!
s - a pink potion
Items here: ( ) [ †.
An orc priest comes into view. It is wielding a +0 hand axe.
An orc priest is nearby!
The orc priest shouts!
The orc priest calls down the wrath of Beogh upon you.
Beogh smites you!
An orc wizard comes into view. It is wielding a +0 dagger.
The orc wizard shouts!
You hit the orc priest. You drain the orc priest.
The orc priest is severely wounded.
The orc priest calls down the wrath of Beogh upon you.
Pain shoots through your body!
You closely miss the orc priest.
The orc priest is severely wounded.
The orc wizard mumbles some strange words.
The orc wizard flickers and vanishes!
Deactivating autopickup; reactivate with Ctrl-A.
You hear some strange, mumbled words.
Something tries to affect you, but you resist.
The orc priest hits you but does no damage.
You closely miss the orc priest.
The orc priest is severely wounded.
Something hits you but does no damage. You block the orc priest's attack.
Something hits you but does no damage.
The orc priest hits you but does no damage.
You barely miss the orc priest.
The orc priest is severely wounded.
You block something's attack.
The orc priest calls down the wrath of Beogh upon you.
Beogh smites you!
* * * LOW HITPOINT WARNING * * *
You barely miss the orc priest.
The orc priest is severely wounded.
Something hits you but does no damage.
The orc priest calls down the wrath of Beogh upon you.
Beogh smites you!
You die...

##.##.##.#.##.#...#.
#.....##.#.##.#..###
#######..##.##....)..#..#.
#.....#..##.......#..#....
#.# #......)...#..#......#
#.# #.<...÷.......##.#....
####.###.#.#.#.#####......###
#........#.{...#####)##.#^#
#.##.##..###@#.......##.#.#
#.#...#..###.o...###.#..# #
#.#...#..........# #.#.## #
#.#...#.####.....# #.#.##.#
#.##)##.# #.....# #......#
#.......# #.....# ###.####
####.#### ####### #.# #.# #.#
#.# #.#


You could see an orc priest (very drained).

Vanquished Creatures
  Terence (D:2)
  Natasha (D:3)
  3 adders
  A worm (D:2)
  2 dart slugs (D:3)
  4 orcs (D:3)
  7 bats
  6 endoplasms
  A giant cockroach (D:1)
  A goblin (D:1)
  4 hobgoblins (D:1)
  3 quokkas (D:1)
  4 ball pythons
  8 frilled lizards
  7 kobolds
  5 rats
58 creatures vanquished.

Notes
Turn   | Place    | Note
-------+----------+-------------------------------------------
     0 | D:1      | bpung the Gargoyle Fighter began the quest for the Orb.
     0 | D:1      | Reached XP level 1. HP: 14/14 MP: 1/1
    83 | D:1      | Reached XP level 2. HP: 11/19 MP: 2/2
   612 | D:1      | Reached XP level 3. HP: 19/23 MP: 3/3
  1662 | D:2      | Noticed Terence
  1666 | D:2      | Killed Terence
  1667 | D:2      | Reached XP level 4. HP: 22/29 MP: 4/4
  1923 | D:3      | Noticed Natasha
  1928 | D:3      | Killed Natasha
  1945 | D:3      | Reached XP level 5. HP: 32/33 MP: 5/5
  2204 | D:3      | Killed from afar by an orc priest

Illustrated notes

Levels and vault maps discovered:
D:1:      psy_arrival_basics, layout_basic
D:2:      layout_basic, uniq_terence
D:3:      layout_loops_cross, uniq_natasha

Skill      XL: |  1  2  3  4 |
---------------+-------------+-----
Armour         | 4 |  4.2
Fighting       | 4 |  4.2
Shields        | 4 |  4.2
Maces & Flails | 3 |  3.1

Action                     |  1- 3 |  4- 6 || total
---------------------------+-------+-------++-------
  Melee: Flail             |   154 |    41 ||   195
    Use: Scroll            |     5 |       ||     5
         Potion            |     1 |       ||     1
 Armour: Scale mail        |   106 |    19 ||   125
  Dodge: Dodged            |    86 |    20 ||   106
  Block: Buckler           |    42 |    14 ||    56
         Reflection        |       |     1 ||     1

Table legend: (Time is in decaauts)
 A = Elapsed time spent in this place.
 B = Non-inter-level travel time spent in this place.
 C = Inter-level travel time spent in this place.
 D = Time resting spent in this place.
 E = Time spent auto-exploring this place.
 F = Levels seen in this place.
 G = Mean time per level.
                   A        B        C        D        E       F      G
               +--------+--------+--------+--------+--------+-----+--------+
         Total |   2265 |   2206 |     59 |      0 |   1621 |   3 |  755.0 |
       Dungeon |   2265 |   2206 |     59 |      0 |   1621 |   3 |  755.0 |
               +--------+--------+--------+--------+--------+-----+--------+

Top non-repeatable levels by time:
     D:2: 1006 daAuts
     D:1: 968 daAuts
     D:3: 291 daAuts
